 Dungeon Crawl Stone Soup version 0.29.1-15-g9cfb28693d (webtiles) character file.

Game seed: 9234983969738146211

26 Hugehornet the Covert (level 3, 7/35 HPs)
             Began as a Gnoll Delver on Feb 23, 2023.
             Quit the game on level 3 of the Dungeon.
             The game lasted 00:01:06 (469 turns).

Hugehornet the Covert (Gnoll Delver)                 Turns: 469, Time: 00:01:06

Health: 7/35       AC:  3    Str: 11    XL:     3   Next: 8%
Magic:  3/3        EV: 13    Int: 11    God:
Gold:   13         SH:  0    Dex: 13    Spells: 3/3 levels left

rFire   . . .      SeeInvis .   a - +0 spear
rCold   . . .      Faith    .   (no shield)
rNeg    . . .      Spirit   .   b - +0 leather armour
rPois   .          Reflect  .   (no helmet)
rElec   .          Harm     .   (no cloak)
rCorr   .          Rampage  .   (no gloves)
Will    .....                   (no boots)
Stlth   ++++......              (no amulet)
HPRegen 0.11/turn               (no ring)
MPRegen 0.08/turn               (no ring)

@: no status effects
A: fangs 1, strong nose, distributed training
a: no special abilities


You were on level 3 of the Dungeon.
You visited 1 branch of the dungeon, and saw 3 of its levels.

You collected 13 gold pieces.

Inventory:

Hand Weapons
 a - a +0 spear (weapon)
Armour
 b - a +0 leather armour (worn)
Jewellery
 k - a ring of positive energy
Wands
 g - a wand of digging (3)
Scrolls
 c - a scroll of fog
 d - a scroll of magic mapping
 e - a scroll of fear
 i - a scroll of identify {unknown}
Potions
 f - 2 potions of haste
 h - a potion of lignification {unknown}
 j - a potion of invisibility {unknown}


   Skills:
 + Level 6.5 Fighting
 + Level 0.6 Short Blades
 + Level 0.6 Long Blades
 + Level 0.6 Axes
 + Level 0.6 Maces & Flails
 + Level 4.5 Polearms
 + Level 0.6 Staves
 + Level 0.6 Ranged Weapons
 + Level 0.6 Throwing
 + Level 0.6 Armour
 + Level 4.5 Dodging
 + Level 9.5 Stealth
 + Level 0.6 Shields
 + Level 0.6 Unarmed Combat
 + Level 0.6 Spellcasting
 + Level 0.4 Conjurations
 + Level 0.4 Hexes
 + Level 0.4 Summonings
 + Level 0.4 Necromancy
 + Level 0.4 Translocations
 + Level 0.4 Transmutations
 + Level 0.4 Fire Magic
 + Level 0.4 Ice Magic
 + Level 0.4 Air Magic
 + Level 0.4 Earth Magic
 + Level 0.4 Poison Magic
 + Level 0.8 Invocations
 + Level 0.6 Evocations


You had 3 spell levels left.
You didn't know any spells.
Your spell library was empty.

Dungeon Overview and Level Annotations

Branches:
Dungeon (5/15)
 Temple: D:4-7

Altars:


Innate Abilities, Weirdness & Mutations

You have very sharp teeth.
Your uncanny sense of smell can sniff out nearby items.
Your experience applies equally to all skills.


Message History

A goblin comes into view. It is wielding a +0 quarterstaff.
A goblin is nearby!
Found an escape hatch in the ceiling.
You reach to attack!
You completely miss the goblin.
You reach to attack!
You hit the goblin.
You kill the goblin!
No target in view!
No target in view!
Found a dagger.
Things that are here:
a +0 quarterstaff; a goblin corpse A gnoll comes into view.
It is wielding a +0 halberd.
A gnoll comes into view.
It is wielding a +0 flail. 2 gnolls come into view.
You reach to attack!
The helpless gnoll fails to defend itself.
You hit the gnoll.
The gnoll is lightly wounded.
The gnoll hits you from afar with a +0 halberd!
You reach to attack!
You hit the gnoll but do no damage.
The gnoll is lightly wounded.
The gnoll barely misses you.
You reach to attack!
You hit the gnoll but do no damage.
The gnoll is lightly wounded.
The gnoll hits you from afar with a +0 halberd.
You reach to attack!
You barely miss the gnoll.
The gnoll is lightly wounded.
The gnoll hits you from afar with a +0 halberd!
* * * LOW HITPOINT WARNING * * *
You are too injured to fight recklessly!
You are too injured to fight recklessly!
You are too injured to fight recklessly!
Found a stone staircase leading up.
The gnoll misses you.
An orc priest comes into view. It is wielding a +0 mace.
Found a stone staircase leading down.
The gnoll completely misses you. The gnoll misses you.
The gnoll attacks as you move away! The gnoll hits you with a +0 flail.
* * * LOW HITPOINT WARNING * * *
The gnoll barely misses you.
Are you sure you want to abandon this character and quit the game? (Confirm with "yes".)

∆ ##. .### ########.. ....#
##......... .
....###........#.## ..
#.............#..# ###
...#......g@.....#..# ##.#
..g...g.............####..#
..o......g.....<.##.......#
....................#####.##
>...............)...........
..................###.#...#.
.......#####......# #..#....
....#.. #...#### ##...###
....##. #...# #..###


You could see 3 gnolls.

Vanquished Creatures
  2 adders
  A ball python (D:3)
  An endoplasm (D:4)
  A goblin (D:3)
  A hobgoblin (D:3)
  A bat (D:3)
  3 rats (D:3)
10 creatures vanquished.

Notes
Turn   | Place    | Note
-------+----------+-------------------------------------------
     0 | D:5      | Reached skill level 9 in Stealth
     0 | D:5      | Hugehornet the Gnoll Delver began the quest for the Orb.
     0 | D:5      | Reached XP level 1. HP: 23/23 MP: 1/1
    78 | D:4      | Reached XP level 2. HP: 14/29 MP: 2/2
   324 | D:3      | Noticed a necrophage
   325 | D:3      | Found a faded altar of an unknown god.
   393 | D:3      | Reached XP level 3. HP: 35/35 MP: 3/3
   469 | D:3      | Quit the game

Illustrated notes

Levels and vault maps discovered:
D:3:      layout_rooms, ebering_ecumenical_altar_webs, minmay_increasing_density
D:4:      layout_loops_corners, vehumet_crystals, minivault_25,
          minmay_a_box_with_orc_wizards_in_it
D:5:      old_forge, layout_loops_ring, chei_slow_surprise, uniq_grinder

Skill      XL: | |
---------------+-+-----
Stealth        | |  9.5
Fighting       | |  6.5
Short Blades   | |  0.6
Long Blades    | |  0.6
Axes           | |  0.6
Maces & Flails | |  0.6
Polearms       | |  4.5
Staves         | |  0.6
Ranged Weapons | |  0.6
Throwing       | |  0.6
Armour         | |  0.6
Dodging        | |  4.5
Shields        | |  0.6
Unarmed Combat | |  0.6
Spellcasting   | |  0.6
Conjurations   | |  0.4
Hexes          | |  0.4
Summonings     | |  0.4
Necromancy     | |  0.4
Translocations | |  0.4
Transmutations | |  0.4
Fire Magic     | |  0.4
Ice Magic      | |  0.4
Air Magic      | |  0.4
Earth Magic    | |  0.4
Poison Magic   | |  0.4
Invocations    | |  0.8
Evocations     | |  0.6

Action                   || total
-------------------------++-------
Melee: Spear             ||    49
       Bite              ||     5
       Punch             ||     2
 Stab: Distracted        ||     1
       Sleeping          ||     5
Armor: Leather armour    ||     9
Dodge: Dodged            ||    31
